Map: Ascension to Aiur LE

Players

ShoWTimE - Winner!

  • Race: Protoss Protoss
  • Spawn Location: 11:00

Bly

  • Race: Zerg Zerg
  • League: Master
  • Spawn Location: 5:00

Event: HomeStory Cup XV

VOD

Have the link to the VOD?

Description

Time

  • Played on: July 22, 2017, 10:31 a.m.
  • Length: 11:29

All games in this series

Show
View Real Time Build Order
Export as new Build Order

ShoWTimE Protoss - Winner!

Build Orders: 1 Gate Expand 

Get SALT Encoding   

  12  0:00  Probe (Chrono Boost)  
  13  0:11  Probe (Chrono Boost)  
  14  0:17  Pylon  
  14  0:22  Probe (Chrono Boost)  
  16  0:35  Probe (Chrono Boost)  
  16  0:38  Gateway  
  16  0:46  Probe (Chrono Boost)  
  16  0:48  Assimilator  
  17  0:56  Probe (Chrono Boost)  
  18  1:07  Probe (Chrono Boost)  
  19  1:20  Probe (Chrono Boost)  
  20  1:27  Cybernetics Core  
  20  1:35  Nexus  
  20  1:38  Probe (Chrono Boost)  
  21  1:45  Pylon  
  21  1:49  Probe (Chrono Boost)  
  21  1:53  Assimilator  
  22  1:59  Probe (Chrono Boost)  
  23  2:03  Zealot (Chrono Boost)  
  25  2:14  Mothership Core  
  27  2:26  Warp Gate (Chrono Boost)  
  29  2:33  Adept (Chrono Boost)  
  29  2:35  Probe  
  30  2:44  Pylon  
  30  2:46  Probe  
  30  2:47  Probe  
  32  2:57  Probe, Adept (Chrono Boost)  
  34  2:59  Probe  
  36  3:07  Probe  
  37  3:15  Probe  
  38  3:20  Probe  
  38  3:22  Adept (Chrono Boost)  
  41  3:30  Gateway  
  41  3:32  Gateway  
  41  3:33  Probe  
  41  3:44  Probe  
  42  3:51  Probe  
  42  3:52  Gateway  
  43  3:56  Probe  
  43  3:58  Pylon  
  43  4:01  Pylon  
  44  4:03  Probe  
  44  4:08  Probe  
  45  4:13  Pylon  
  45  4:18  Gateway  
  45  4:22  Probe x2  
  47  4:28  Sentry x2  
  51  4:34  Probe  
  51  4:35  Zealot  
  51  4:36  Probe  
  53  4:43  Twilight Council  
  53  4:46  Probe  
  53  4:48  Pylon, Probe  
  53  4:50  Adept  
  57  4:54  Sentry  
  57  4:58  Probe  
  59  5:01  Probe  
  59  5:02  Sentry  
  62  5:09  Sentry  
  62  5:10  Probe  
  62  5:13  Probe, Adept  
  68  5:16  Phoenix  
  68  5:21  Nexus  
  68  5:22  Stalker  
  68  5:24  Probe  
  68  5:25  Probe  
  72  5:31  Zealot  
  72  5:34  Blink (Chrono Boost)  
  72  5:36  Probe  
  72  5:38  Probe  
  72  5:41  Pylon  
  74  5:46  Robotics Facility  
  74  5:48  Probe  
  75  5:50  Zealot  
  75  5:52  Assimilator  
  75  5:53  Assimilator  
  77  5:57  Probe  
  77  6:00  Probe  
  77  6:04  Sentry  
  79  6:09  Forge, Probe  
  80  6:12  Probe  
  80  6:17  Pylon  
  81  6:20  Stalker x2  
  81  6:21  Probe  
  81  6:24  Probe  
  87  6:33  Probe  
  87  6:34  Observer (Chrono Boost)  
  87  6:36  Probe  
  87  6:37  Stalker x2, Protoss Ground Weapons Level 1 (Chrono Boost)  
  87  6:39  Stalker  
  96  6:44  Photon Cannon  
  96  6:47  Photon Cannon  
  96  6:52  Probe  
  96  6:53  Probe x2, Pylon  
  99  6:55  Immortal  
  103  7:04  Probe  
  103  7:05  Probe x2  
  103  7:06  Pylon  
  106  7:15  Assimilator  
  106  7:16  Assimilator  
  106  7:17  Probe x3  
  109  7:24  Gateway  
  109  7:26  Gateway  
  109  7:27  Gateway  
  109  7:29  Photon Cannon  
  109  7:33  Photon Cannon  
  109  7:36  Pylon, Immortal  
  113  7:49  Pylon x2  
  113  7:53  Charge (Chrono Boost)  
  113  7:55  Stalker x2  
  113  7:56  Probe  
  118  7:59  Sentry, Stalker  
  118  8:03  Photon Cannon  
  118  8:13  Stalker  
  118  8:14  Protoss Ground Weapons Level 2  
  118  8:17  Probe x2  
  118  8:18  Probe  
  120  8:22  Stalker  
  120  8:23  Stalker x3  
  120  8:25  Immortal  
  132  8:41  Zealot x4  
  140  8:59  Immortal  
  131  9:05  Stalker  
  131  9:08  Pylon  
  132  9:11  Pylon  
  132  9:13  Pylon  
  124  9:23  Zealot x6  
  124  9:24  Zealot  
  131  9:33  Warp Prism  
  131  9:38  Zealot  
  133  9:42  Pylon  
  132  9:46  Pylon  
  132  9:47  Probe x2  
  132  9:53  Templar Archives  
  131  10:01  Zealot x3  
  131  10:02  Zealot x4  
  145  10:18  Photon Cannon  
  145  10:19  Pylon  
  145  10:29  High Templar  
  145  10:30  High Templar x7  
  145  10:32  Nexus  
  145  10:34  Archon x2  
  145  10:35  Pylon, Archon x2  
  161  10:38  Pylon  
  161  10:39  Pylon  
  161  10:42  Observer  
  156  11:03  High Templar x4  
  148  11:06  Zealot x4  
  148  11:08  Archon x2  
Show
View Real Time Build Order
Export as new Build Order

Bly Zerg 

Build Orders: 3 Hatch before Pool 

Get SALT Encoding   

  12  0:01  Drone  
  13  0:12  Overlord  
  13  0:17  Drone  
  14  0:31  Drone x2  
  16  0:49  Hatchery  
  15  0:53  Drone  
  16  1:17  Hatchery  
  15  1:21  Drone  
  15  1:24  Drone  
  17  1:27  Drone  
  18  1:33  Extractor  
  17  1:44  Spawning Pool  
  16  1:47  Drone  
  16  1:51  Drone  
  18  1:59  Drone  
  19  2:03  Drone  
  19  2:05  Drone  
  21  2:19  Drone x2  
  23  2:32  Queen  
  23  2:34  Queen  
  27  2:40  Zergling x4  
  27  2:43  Metabolic Boost  
  29  2:45  Overlord  
  29  2:50  Zergling x2  
  30  2:54  Drone x2  
  30  2:55  Drone  
  33  3:02  Zergling x2  
  33  3:08  Drone  
  33  3:15  Zergling x2  
  33  3:27  Drone  
  33  3:28  Drone x2, Overlord  
  33  3:31  Overlord  
  35  3:46  Queen  
  35  3:47  Zergling x4  
  35  3:48  Zergling x10  
  44  3:49  Zergling x2  
  44  3:53  Evolution Chamber  
  44  3:55  Baneling Nest  
  43  4:05  Zergling x4  
  45  4:14  Zergling x12  
  50  4:30  Zergling x4  
  51  4:44  Zergling x2  
  52  4:46  Overlord x2  
  52  4:49  Baneling x2  
  52  4:50  Baneling x5  
  50  5:00  Baneling  
  50  5:02  Hatchery  
  43  5:14  Zergling x16  
  43  5:20  Drone  
  51  5:33  Drone x6  
  50  5:41  Drone  
  49  5:50  Drone  
  49  5:51  Drone  
  49  5:52  Drone x3  
  50  6:05  Drone  
  50  6:06  Drone x4  
  50  6:07  Extractor x2  
  50  6:08  Roach Warren  
  51  6:19  Drone  
  51  6:24  Drone x3  
  55  6:26  Overlord  
  55  6:42  Overlord x2  
  55  6:47  Baneling  
  55  6:48  Baneling x4  
  55  6:51  Roach x9  
  73  6:54  Hatchery  
  73  6:56  Extractor  
  73  6:58  Overlord  
  73  6:59  Overlord  
  71  7:01  Roach x2  
  71  7:07  Roach x3  
  71  7:08  Roach x2  
  85  7:11  Roach  
  87  7:21  Drone  
  87  7:22  Drone x5  
  93  7:30  Zergling x6  
  93  7:34  Zergling x2  
  93  7:36  Overlord  
  97  7:37  Lair  
  97  7:43  Overlord  
  97  7:44  Overlord  
  97  7:59  Ravager x5  
  97  8:02  Zergling x2  
  97  8:03  Zergling x20  
  103  8:18  Zergling x2  
  103  8:19  Zergling x18  
  111  8:20  Ravager x3  
  114  8:27  Zergling x6  
  114  8:31  Ravager x2  
  114  8:32  Zergling x2  
  114  8:34  Baneling  
  120  8:35  Baneling  
  120  8:40  Baneling x3  
  114  8:58  Zergling x28  
  119  9:07  Zergling x2  
  119  9:08  Zergling x8  
  118  9:10  Zerg Melee Weapons Level 1  
  104  9:20  Zergling x2  
  104  9:21  Zergling x8  
  95  9:25  Roach x2  
  95  9:27  Glial Reconstitution  
  86  9:38  Roach  
  86  9:39  Roach x9  
  106  9:51  Baneling x8  
  92  10:03  Roach x8  
  92  10:05  Overlord  
  107  10:08  Overlord  
  107  10:12  Zergling x12  
  107  10:13  Zergling x8  
  117  10:21  Ravager x2  
  117  10:22  Zergling x6  
  117  10:28  Zergling x4  
  110  10:29  Baneling  
  110  10:30  Baneling x6  
  110  10:36  Overseer  
  110  10:38  Zergling x2  
  110  10:39  Zergling x6  
  110  10:40  Ravager  
  115  10:46  Zergling x8  
  115  10:47  Zergling x2  
  115  10:48  Baneling  
  115  10:49  Baneling x3  
  119  10:51  Zergling x2  
  86  11:06  Roach  
  86  11:07  Roach x6  
Tags
 
Add a new tag
Caveats
  • Supply blocks, unpowered buildings, or Contaminate may cause inaccurate times.
  • Supply counts are checked every 10 seconds.